AoeStats
← RDA Ronan

Arabia

506036402Analyzed
4v4 RM · 21d ago on Sep 12, 2026· 41m 0s· 8 players
Game mode
Random Map
Map size
Large (8 player)
Population
200
Speed
Normal
Resources
Standard
Victory
Conquest
Starting age
Dark Age
Ending age
Imperial Age
RankedLock teamsTeams togetherTeam positionsShared explorationLock speedFull tech treeHidden civsTurbo modeCheats
Victory
Defeat
🇦🇺 Franks · Australia
1354
+13
🇵🇪 Jurchens · Peru
1329
+14
🇱🇾 Mongols · Libya
1269
+16
🇺🇸 Tupi · United States
1197
+20
🇦🇷 Wei · Argentina
1349
-18
🇦🇷 Poles · Argentina
1280
-16
🇦🇷 Malay · Argentina
1277
-16
🇦🇷 Saracens · Argentina
1216
-13
[Ne0] Vladimir Putin
7:06 Loom
9:25 Feudal Age
10:11 Double-Bit Axe
10:08 Horse Collar
23:26 Castle Age
22:01 Bloodlines
22:25 Scale Barding Armor
22:30 Forging
22:22 Gold Mining
24:35 Bow Saw
25:25 Chain Barding Armor
26:08 Heavy Plow
26:28 Husbandry
29:35 Wheelbarrow
30:16 Iron Casting
33:00 Town Watch
34:11 Stone Mining
RDA | Damiii el TORO
8:30 Loom
11:06 Feudal Age
15:38 Castle Age
21:18 Arson
22:42 Squires
23:43 Horse Collar
24:26 Double-Bit Axe
26:53 Forging
27:15 Fletching
29:29 Gold Mining
30:41 Pikeman
RDA Ronan
5:56 Loom
9:17 Feudal Age
10:31 Double-Bit Axe
14:14 Fletching
15:28 Padded Archer Armor
22:28 Castle Age
21:28 Gold Mining
21:26 Double-Bit Axe
21:39 Horse Collar
23:04 Bodkin Arrow
22:40 Crossbowman
24:34 Wheelbarrow
26:36 Town Watch
27:47 Thumb Ring
29:29 Ballistics
31:09 Bow Saw
31:50 Leather Archer Armor
33:06 Heavy Plow
38:55 Imperial Age
38:11 Gold Shaft Mining
Gianncrack
7:11 Loom
10:34 Feudal Age
15:29 Castle Age
14:05 Fletching
14:49 Double-Bit Axe
15:01 Horse Collar
16:02 Padded Archer Armor
21:58 Bodkin Arrow
26:34 Bow Saw
28:28 Gold Mining
31:19 Wheelbarrow
31:09 Ballistics
39:03 Imperial Age
37:59 Heavy Plow
38:09 Padded Archer Armor
40:12 Parthian Tactics
41:00 Chemistry
sakuzi
13:35 Feudal Age
11:52 Loom
16:05 Fletching
19:29 Castle Age
20:16 Double-Bit Axe
25:06 Bodkin Arrow
28:28 Ballistics
boxe
6:39 Loom
8:58 Feudal Age
14:28 Padded Archer Armor
15:00 Fletching
21:18 Double-Bit Axe
25:32 Castle Age
24:18 Horse Collar
25:07 Stone Mining
25:09 Gold Mining
25:33 Elite Skirmisher
25:34 Crossbowman
28:32 Ballistics
30:21 Bodkin Arrow
31:28 Thumb Ring
40:04 Husbandry
Christ
7:00 Loom
9:23 Feudal Age
11:09 Double-Bit Axe
14:39 Forging
15:55 Scale Barding Armor
19:02 Bloodlines
22:41 Castle Age
21:44 Gold Mining
24:23 Iron Casting
24:20 Bow Saw
28:46 Chain Barding Armor
33:07 Horse Collar
34:05 Husbandry
43:29 Imperial Age
41:34 Wheelbarrow
fxstriker
8:47 Feudal Age
8:33 Loom
10:07 Double-Bit Axe
23:18 Castle Age
21:28 Gold Mining
23:06 Scale Barding Armor
23:20 Forging
24:21 Chain Barding Armor
23:23 Light Cavalry
24:03 Husbandry
26:50 Bow Saw
28:24 Gold Shaft Mining
29:24 Wheelbarrow
35:45 Iron Casting
Connection lost

Rejoining the realm…

Still unreachable

The connection could not be restored.

Session expired

The server has moved on; the page needs a fresh start.